AoeStats
← xinhdep15

Black Forest

510250778Analyzed
4v4 RM · 2d ago on Sep 30, 2026· 17m 58s· 8 players
Game mode
Random Map
Map size
Large (8 player)
Population
200
Speed
Normal
Resources
Standard
Victory
Conquest
Starting age
Dark Age
Ending age
Imperial Age
RankedLock teamsTeams togetherTeam positionsShared explorationLock speedFull tech treeHidden civsTurbo modeCheats
Victory
Defeat
🇹🇼 Slavs · Taiwan
1034
+14
🇨🇱 Persians · Chile
994
+15
🇭🇰 Franks · Hong Kong SAR China
909
+19
🇩🇪 Italians · Germany
897
+19
🇺🇸 Britons · United States
1019
-19
🇦🇷 Inca · Argentina
973
-17
🇨🇦 Spanish · Canada
961
-16
🇻🇳 Vikings · Vietnam
941
-15
shabolobodingdong
11:34 Feudal Age
12:07 Double-Bit Axe
18:46 Castle Age
xinhdep15
0:33 Loom
14:28 Feudal Age
614Superdry
11:31 Feudal Age
17:11 Castle Age
16:28 Double-Bit Axe
16:25 Horse Collar
16:37 Gold Mining
16:39 Stone Mining
QuesoRuso
3:14 Loom
12:13 Feudal Age
16:11 Castle Age
14:49 Double-Bit Axe
Walls vs Zombies 2009
7:17 Loom
13:20 Feudal Age
17:13 Castle Age
16:47 Double-Bit Axe
16:44 Horse Collar
18:51 Wheelbarrow
concejaljesus23
10:16 Feudal Age
16:29 Castle Age
14:30 Double-Bit Axe
14:49 Horse Collar
15:21 Fletching
18:08 Bow Saw
18:03 Fishing Lines
Dikue
11:51 Feudal Age
18:18 Castle Age
17:13 Double-Bit Axe
monkeyken7414
0:28 Loom
12:15 Feudal Age
16:46 Castle Age
14:59 Double-Bit Axe
15:24 Horse Collar
Connection lost

Rejoining the realm…

Still unreachable

The connection could not be restored.

Session expired

The server has moved on; the page needs a fresh start.